 Dungeon Crawl Stone Soup version 0.29.0-4-gdea44cf6ec (webtiles) character file.

Game seed: 9646450150565773025

28 qw the Chopper (level 3, 0/21 HPs)
             Began as a Tengu Warper on Aug 28, 2022.
             Slain by a hobgoblin
             ... wielding a +0 whip
             ... led by Robin
              (1 damage)
             ... on level 2 of the Dungeon.
             The game lasted 00:00:06 (1169 turns).

qw the Chopper (Tengu Warper)                       Turns: 1169, Time: 00:00:06

Health: 0/21       AC:  5    Str: 13    XL:     3   Next: 12%
Magic:  7/7        EV: 11    Int: 13    God:
Gold:   53         SH:  0    Dex: 13    Spells: 6/6 levels left

rFire   . . .      SeeInvis .   Y - +1 hand axe
rCold   . . .      Faith    .   (no shield)
rNeg    . . .      Spirit   .   i - +0 ring mail
rPois   .          Reflect  .   (helmet restricted)
rElec   .          Harm     .   (no cloak)
rCorr   .          Rampage  .   (no gloves)
Will    .....                   (boots unavailable)
Stlth   +.........              (no amulet)
HPRegen 0.07/turn               (no ring)
MPRegen 0.10/turn               (no ring)

@: no status effects
A: beak, talons 3
a: no special abilities


You were on level 2 of the Dungeon.
You visited 1 branch of the dungeon, and saw 2 of its levels.

You collected 53 gold pieces.


Innate Abilities, Weirdness & Mutations

You have a beak for a mouth.
You have claws for feet.


   Skills:
 - Level 2.0 Fighting
 + Level 3.9 Axes
 - Level 1.0 Throwing
 - Level 1.1 Armour
 - Level 2.1 Dodging
 - Level 2.0 Spellcasting
 - Level 2.4 Translocations


You had 6 spell levels left.
You didn't know any spells.
Your spell library contained the following spells:

 Spells                   Type           Power      Damage    Failure   Level
 Blink                    Tloc           14%        N/A       30%         2
 Gell's Gravitas          Tloc           7%         N/A       52%         3
 Lesser Beckoning         Tloc           7%         N/A       52%         3
 Teleport Other           Tloc           7%         N/A       52%         3
 Manifold Assault         Tloc           7%         N/A       99%         5

Inventory:

Hand Weapons
 Y - a +1 hand axe (weapon)
Armour
 i - a +0 ring mail (worn)
Scrolls
 g - 3 scrolls of identify
Potions
 h - 2 potions of might

Dungeon Overview and Level Annotations

Branches:
Dungeon (2/15)

Altars:

Annotations:
D:2 Robin


Message History

Robin shouts!
You hear a shout! x3
You see here a +0 dagger of pain.
Robin hits you from afar with a +0 spear.
You see here a ball python corpse.
A goblin and 2 hobgoblins come into view.
The goblin shouts!
The hobgoblin shouts! x2; You hear a shout!
Robin hits you but does no damage.
A hobgoblin comes into view.
1165 ||| Stepping ~*~*~tactically~*~*~ (stealth).
Robin attacks as you move away! Robin hits you with a +0 spear.
A hobgoblin comes into view. It is wielding a +0 whip.
You barely miss the hobgoblin.
The hobgoblin shouts!
Your kick misses the hobgoblin. You peck the hobgoblin.
The hobgoblin is heavily wounded.
You hear a shout! x2
A goblin comes into view. It is wielding a +0 dagger.
The hobgoblin hits you but does no damage.
A goblin comes into view. It is wielding a +0 club.
The goblin shouts!
You hit the hobgoblin.
The hobgoblin is almost dead.
You hit the goblin but do no damage. The goblin barely misses you.
The hobgoblin closely misses you.
You closely miss the hobgoblin. Your peck misses the hobgoblin.
The hobgoblin is almost dead.
You closely miss the goblin. You hit the hobgoblin. You hit Robin.
Robin roars a battlecry!
The goblins go into a battle-frenzy!
The goblin hits you with a +0 club.
The hobgoblin hits you but does no damage.
The hobgoblin hits you.
You hit the hobgoblin.
You kill the hobgoblin!
You hit Robin but do no damage. You hit the goblin but do no damage.
You hit the hobgoblin. The goblin hits you but does no damage.
Robin hits you with a +0 spear.
A goblin comes into view. It is wielding a +0 club.
The hobgoblin hits you with a +0 whip.
You die...

.. ###. #..g ##
#.[.# #g##
#..g.# #...#
#..gg#gg.#.#.
#...#@.....)#
#...g.#####..
#.#.#%# #.#)#
..#.# #
.###.#####.# ##
#.......#
#########..##.#
#.............#


You could see Robin, 3 hobgoblins and 4 goblins.

Vanquished Creatures
  A dart slug (D:1)
  3 endoplasms (D:1)
  2 giant cockroaches (D:1)
  3 goblins
  3 hobgoblins
  A quokka (D:1)
  4 ball pythons
  A bat (D:1)
  5 frilled lizards
  2 rats
25 creatures vanquished.

Notes
Turn   | Place    | Note
-------+----------+-------------------------------------------
     0 | D:1      | qw the Tengu Warper began the quest for the Orb.
     0 | D:1      | Reached XP level 1. HP: 12/12 MP: 4/4
     0 | D:1      | 0 ||| qw: Version: 0.1-a-89-g26bdef1
     0 | D:1      | 0 ||| qw: Game counter: 1249
     0 | D:1      | 0 ||| qw: Always use a shield: true
     0 | D:1      | 0 ||| qw: God list: Okawaru
     0 | D:1      | 0 ||| qw: Allow faded altars: false
     0 | D:1      | 0 ||| qw: Do Orc after D:15 true
     0 | D:1      | 0 ||| qw: Do second Lair branch before Depths: true
     0 | D:1      | 0 ||| qw: Lair rune preference: random
     0 | D:1      | 0 ||| qw: Plans: Normal
     0 | D:1      | 0 ||| PLANNING D:1-11
    57 | D:1      | 57 ||| Stepping ~*~*~tactically~*~*~ (stealth).
   190 | D:1      | 190 ||| Stepping ~*~*~tactically~*~*~ (stealth).
   194 | D:1      | Reached skill level 3 in Axes
   194 | D:1      | Reached XP level 2. HP: 17/17 MP: 6/6
   219 | D:1      | 219 ||| Stepping ~*~*~tactically~*~*~ (stealth).
   585 | D:1      | 585 ||| Stepping ~*~*~tactically~*~*~ (stealth).
   593 | D:1      | 593 ||| Stepping ~*~*~tactically~*~*~ (stealth).
   688 | D:1      | Found a faded altar of an unknown god.
   740 | D:1      | 740 ||| Stepping ~*~*~tactically~*~*~ (hiding).
   842 | D:1      | 842 ||| Stepping ~*~*~tactically~*~*~ (hiding).
  1054 | D:1      | 1054 ||| UPGRADING to +0 ring mail.
  1064 | D:1      | 1064 ||| DROPPING +0 leather armour.
  1065 | D:1      | 1065 ||| DROPPING ring of flight.
  1066 | D:1      | 1066 ||| READING scroll labelled ILIL WYELOBI.
  1067 | D:1      | 1067 ||| READING scroll labelled VOIBOR WESUEM.
  1072 | D:1      | 1072 ||| READING 4 scrolls labelled DOJYTTUSTROS.
  1073 | D:1      | 1073 ||| READING scroll labelled WUAFAO WAPTE.
  1074 | D:1      | 1074 ||| READING scroll labelled OHEANE GIWUYXT.
  1075 | D:1      | 1075 ||| DRINKING 3 smoky clear potions.
  1076 | D:1      | 1076 ||| DROPPING scroll of blinking.
  1091 | D:2      | 1091 ||| STAIRDANCE
  1120 | D:2      | Reached XP level 3. HP: 21/21 MP: 7/7
  1131 | D:2      | 1131 ||| Stepping ~*~*~tactically~*~*~ (stealth).
  1132 | D:2      | 1132 ||| Stepping ~*~*~tactically~*~*~ (stealth).
  1135 | D:2      | 1135 ||| Stepping ~*~*~tactically~*~*~ (stealth).
  1143 | D:2      | 1143 ||| Stepping ~*~*~tactically~*~*~ (stealth).
  1157 | D:2      | 1157 ||| Stepping ~*~*~tactically~*~*~ (stealth).
  1162 | D:2      | Identified the +1 helmet "Ziqiziss" {Dex+4 Slay+5}
  1162 | D:2      | Noticed Robin
  1165 | D:2      | 1165 ||| Stepping ~*~*~tactically~*~*~ (stealth).
  1169 | D:2      | HP: 1/21 [Robin/+0 spear (5)]
  1169 | D:2      | Slain by a hobgoblin

Levels and vault maps discovered:
D:1:      nicolae_arrival_somewhat_less_tricky_arrival, layout_basic,
          chequers_ecumenical_altar_island
D:2:      layout_loops_ring, uniq_robin, uniq_terence

Skill      XL: |  1 |
---------------+----+-----
Axes           | 3 |  3.9
Fighting       | |  2.0
Throwing       | |  1.0
Armour         | |  1.1
Dodging        | |  2.1
Spellcasting   | |  2.0
Translocations | |  2.4

Action                   || total
-------------------------++-------
Melee: Hand axe          ||    43
       Peck              ||     3
       Kick              ||     7
Throw: Boomerang         ||     7
  Use: Scroll            ||     5
       Potion            ||     1
Armor: Leather armour    ||     5
       Ring mail         ||     5
Dodge: Dodged            ||    15

Table legend:
 A = Non-vault XP
 B = Vault XP
 C = Vault XP percentage of total XP
 D = Non-vault monster count
 E = Vault monster count
 F = Vault count percentage of total count
                 A         B        C        D         E       F
            +---------+---------+-------+---------+---------+-------
      Total |      38 |       4 |   9.5 |      23 |       2 |   8.0
            +---------+---------+-------+---------+---------+-------
        D:1 |      32 |       0 |   0.0 |      19 |       0 |   0.0
        D:2 |       6 |       4 |  40.0 |       4 |       2 |  33.3
            +---------+---------+-------+---------+---------+-------
